Cogmind - Beta 15 @@@ ROGUE MODE // 2025.07.07 @ 15:44:23 Player: korgoth Result: Destroyed by P-80 Master with Gamma Rifle Performance ------------- Evolutions (7) 3500 Regions Visited (12) 2400 Robots Destroyed (15) 75 Value Destroyed (570) 570 Prototype IDs (33) 660 Alien Tech Used (0) 0 Bonus (570) 570 TOTAL SCORE: 7775 Bonus ------- Pacifist 270 Aligned with FarCom 300 Cogmind --------- Core Integrity 0/1300 Matter 28/300 Energy 100/100 System Corruption 3% Temperature Cool (0) Movement Core (100) Ox1 Location -3/Research Parts ------- > --- POWER (2) -------- (None) > --- PROPULSION (6) --- (None) > --- UTILITY (11) ----- Experimental Power Amplifier Advanced Terrain Scan Processor Armor Integrity Analyzer Advanced Corruption Screen > --- WEAPON (2) ------- (None) > --- INVENTORY (5) ---- Micro Antimatter Reactor Improved Arc Projector Quantum Rifle Peak State ------------ > --- POWER ------------ Micro Fission Core Improved Fusion Compressor > --- PROPULSION ------- Cooled VTOL Module Nuclear Pulse Array Impulse Thruster Impulse Thruster Q-thruster > --- UTILITY ---------- Small Storage Unit Long-range Terrain Scanner Advanced Terrain Scan Processor Improved Targeting Computer Improved Targeting Computer Advanced Targeting Computer Advanced Targeting Computer Target Analyzer Armor Integrity Analyzer Hacking Suite System Shield > --- WEAPON ----------- Gauss Rifle Katana > --- INVENTORY -------- Improved Fusion Compressor VTOL Module Experimental Power Amplifier Experimental Energy Well Hacking Suite Improved Arc Projector Quantum Rifle [Rating: 98] Favorites ----------- Power Micro Fission Core Engine Ion Engine Power Core Micro Fission Core Propulsion Cooled VTOL Module Leg Aluminum Leg Wheel Wheel Hover Unit Gravmag System Flight Unit Cooled VTOL Module Utility Improved Targeting Computer Device Structural Scanner Storage Small Storage Unit Processor Improved Targeting Computer Hackware System Shield Protection Hardened Medium Armor Plating Weapon Improved Assault Rifle Energy Gun EM Pulse Gun Energy Cannon Advanced Beam Cannon Ballistic Gun Improved Assault Rifle Ballistic Cannon Flak Cannon Launcher Tesla Bomb Launcher Slashing Weapon Katana Piercing Weapon Plasma Lance Build | -11 -10 -10 -10 -9 -8 -7 -6 -6 -6 -5 -4 -3 ------- Run | Yrd Mat Min Exi Min Mat Fac Fac Low Low Fac Fac Res Slots Evolved 14 | . . . . . 4 2 2 . . 2 2 2 Power 1 | . . . . . . . . . . . . 1 Propulsion 4 | . . . . . 1 . 1 . . . 1 1 Utility 9 | . . . . . 3 2 1 . . 2 1 . Weapon . | . . . . . . . . . . . . . Parts Attached 75 | 6 . 2 . 1 15 24 1 1 . 6 7 12 Power 8 | 1 . . . 1 1 3 . . . 1 . 1 Engine 4 | 1 . . . 1 1 1 . . . . . . Core 4 | . . . . . . 2 . . . 1 . 1 Reactor . | . . . . . . . . . . . . . Propulsion 20 | 2 . 1 . . 3 8 . . . 1 3 2 Treads . | . . . . . . . . . . . . . Leg 6 | . . . . . 3 2 . . . . 1 . Wheel 3 | 2 . 1 . . . . . . . . . . Hover 2 | . . . . . . 2 . . . . . . Flight 9 | . . . . . . 4 . . . 1 2 2 Utility 30 | 1 . 1 . . 6 9 1 1 . 1 3 7 Device 9 | . . 1 . . 3 2 1 . . . . 2 Storage 2 | 1 . . . . . 1 . . . . . . Processor 13 | . . . . . 1 5 . 1 . 1 . 5 Hackware 2 | . . . . . . . . . . . 2 . Protection 4 | . . . . . 2 1 . . . . 1 . Artifact . | . . . . . . . . . . . . . Weapon 17 | 2 . . . . 5 4 . . . 3 1 2 Energy Gun 4 | 2 . . . . . 1 . . . . . 1 Energy Cannon 1 | . . . . . 1 . . . . . . . Ballistic Gun 7 | . . . . . 3 2 . . . 1 1 . Ballistic Cannon 1 | . . . . . . 1 . . . . . . Launcher 1 | . . . . . . . . . . 1 . . Special Weapon . | . . . . . . . . . . . . . Impact Weapon . | . . . . . . . . . . . . . Slashing Weapon 1 | . . . . . . . . . . 1 . . Piercing Weapon 2 | . . . . . 1 . . . . . . 1 Special Melee Weapon . | . . . . . . . . . . . . . Unidentified Prototypes 10 | . . . . . 3 3 . . . 2 . 2 Parts Lost 36 | . . 1 . . 1 10 . . . . 4 20 Power 5 | . . . . . . 3 . . . . . 2 Propulsion 13 | . . 1 . . . 4 . . . . 2 6 Utility 15 | . . . . . 1 2 . . . . 2 10 Weapon 3 | . . . . . . 1 . . . . . 2 Highest Loss Streak 9 | . . 1 . . 1 5 . . . . 4 9 To Critical Strikes . | . . . . . . . . . . . . . Average Backups 6 | 3 4 6 8 8 7 7 7 8 8 8 6 5 Power . | . 1 1 1 . . . . . . . 1 1 Propulsion 2 | 1 2 2 3 3 2 2 4 3 4 3 2 . Utility 1 | . . . 1 2 1 2 1 2 2 2 . 2 Weapon 2 | 1 1 2 2 2 3 2 2 2 2 2 2 1 Tool/Special . | . . . . . . . . . . . . . Unused Backups 16 | . . . 1 . 4 3 . . . . 3 5 Power 2 | . . . . . . . . . . . . 2 Propulsion 4 | . . . . . . 2 . . . . 2 . Utility 3 | . . . . . . . . . . . 1 2 Weapon 7 | . . . 1 . 4 1 . . . . . 1 Tool/Special . | . . . . . . . . . . . . . Average Slot Usage (%) 86 | . 85 86 100 100 99 80 73 78 80 82 95 81 Engine 3 | . 14 14 14 14 9 . . . . . . . Core 3 | . . . . . . 4 . . . 2 5 7 Leg 3 | . . . . . 9 8 . . . . 2 . Wheel 6 | . 28 25 28 28 17 . . . . . . . Flight 11 | . . . . . . 8 20 20 20 20 22 19 Device 10 | . . 3 14 14 25 9 13 13 13 11 12 3 Storage 7 | . 14 14 14 14 9 7 6 6 6 5 5 3 Processor 19 | . . . . . . 20 26 31 33 34 27 28 Hackware 2 | . . . . . . . . . . . 5 8 Protection 2 | . . . . . 8 4 . . . . 4 . Energy Gun 5 | . 28 28 28 28 4 . . . . . . . Ballistic Gun 4 | . . . . . 13 6 6 6 6 1 2 3 Ballistic Cannon 1 | . . . . . . 4 . . . . . . Slashing Weapon 1 | . . . . . . . . . . 3 4 3 Peak Build Rating 98 | 6 6 7 8 9 31 35 38 38 38 58 75 98 Average Rating 41 | 4 6 6 7 8 26 27 33 37 38 46 67 83 On Entrance 23 | . 6 6 7 8 9 25 33 34 38 38 51 56 Naked Turns . | . . . . . . . . . . . . . Heaviest Build 42 | 14 14 15 15 15 36 42 10 10 10 14 24 25 Greatest Support 40 | 26 26 26 20 20 20 20 10 10 10 20 27 40 Greatest Overweight (x) 8 | . . 1 . . 3 8 . . . . 1 2 Average Overweight (x) . | . . . . . 1 . . . . . . . Largest Inventory Capacity 8 | 8 8 8 8 8 8 8 8 8 8 8 8 8 Average Capacity 7 | 7 8 8 8 8 8 8 8 8 8 8 8 7 Most Carried 8 | 5 5 8 8 8 8 8 8 8 8 8 8 8 Average Carried 7 | 3 4 6 7 7 7 7 7 7 8 7 6 5 Final Capacity 8 | 8 8 8 8 8 8 8 8 8 8 8 8 5 Final Carried 8 | 4 5 8 8 8 8 7 8 8 8 8 7 3 Class Distribution -------------------- 32% | Mutant 22% | Sprinter 14% | Hacker-Scout 14% | Skirmisher 8% | Hacker-Sprinter 3% | Scavenger-Skirmisher 3% | Scavenger-Mutant Dominant Class ---------------- Mutant | -10/Materials Mutant | -10/Mines Mutant | -10/Exiles Mutant | -9/Mines Skirmisher | -8/Materials Sprinter | -7/Factory Sprinter | -6/Factory Sprinter | -6/Lower Caves Sprinter | -6/Lower Caves Sprinter | -5/Factory Mutant | -4/Factory Hacker-Scout | -3/Research Resources | -11 -10 -10 -10 -9 -8 -7 -6 -6 -6 -5 -4 -3 ----------- Run | Yrd Mat Min Exi Min Mat Fac Fac Low Low Fac Fac Res Matter Collected 1297 | 183 . 102 . 30 111 463 . 75 60 . . 273 Remotely . | . . . . . . . . . . . . . Salvage Created 625 | . . 34 . . 111 480 . . . . . . Parts 22 | . . . . . 3 19 . . . . . . Haulers Intercepted . | . . . . . . . . . . . . . Recyclers Shooed 1 | . . . . . . 1 . . . . . . Parts Field Recycled . | . . . . . . . . . . . . . Retrieved Matter . | . . . . . . . . . . . . . Parts Self-Destructed . | . . . . . . . . . . . . . Prevented . | . . . . . . . . . . . . . Kills | -11 -10 -10 -10 -9 -8 -7 -6 -6 -6 -5 -4 -3 ------- Run | Yrd Mat Min Exi Min Mat Fac Fac Low Low Fac Fac Res Combat Hostiles Destroyed 16 | . . 3 . . 2 11 . . . . . . Guns 8 | . . 3 . . 2 3 . . . . . . Cannons 8 | . . . . . . 8 . . . . . . Classes Destroyed 7 | . . 1 . . 2 4 . . . . . . Recycler 2 | . . . . . . 2 . . . . . . Swarmer 4 | . . . . . . 4 . . . . . . Grunt 5 | . . . . . 1 4 . . . . . . Duelist 1 | . . . . . . 1 . . . . . . Sentry 1 | . . . . . 1 . . . . . . . Programmer 2 | . . . . . . 2 . . . . . . Assembled 3 | . . 3 . . . . . . . . . . Best Kill Streak 3 | . . 1 . . 1 3 . . . . . . Combat Bots Only 3 | . . 1 . . 1 3 . . . . . . Max Kills in Single Turn 1 | . . 1 . . 1 1 . . . . . . Gunslinging . | . . . . . . . . . . . . . Exploded . | . . . . . . . . . . . . . Melee . | . . . . . . . . . . . . . Uniques/NPCs Destroyed . | . . . . . . . . . . . . . Combat | -11 -10 -10 -10 -9 -8 -7 -6 -6 -6 -5 -4 -3 -------- Run | Yrd Mat Min Exi Min Mat Fac Fac Low Low Fac Fac Res Hostile Shots Fired 416 | . 5 5 . . 31 134 . . 2 2 32 205 Missed 175 | . 1 1 . . 8 49 . . 2 1 22 91 Hits 241 | . 4 4 . . 23 85 . . . 1 10 114 Melee 17 | . . 4 . . . 7 . . . . 6 . Projectile 224 | . 4 . . . 23 78 . . . 1 4 114 AOE 2 | . . . . . . . . . . . 2 . Critical Strikes 14 | . . . . . 1 6 . . . . 3 4 Damage Taken 4693 | . 43 83 . . 376 1424 . . . 26 283 2458 Core 1549 | . 24 . . . 17 159 . . . . 28 1321 Absorbed by Shields . | . . . . . . . . . . . . . Core Remaining (%) 94 | 100 . . . 90 96 77 . . 100 100 97 . Volleys Fired 67 | . . 10 . . 12 41 . . . . . 4 Largest 2 | . . 2 . . 2 2 . . . . . 1 Hottest 94 | . . 80 . . 46 83 . . . . . 94 Shots Fired 118 | . . 21 . . 24 69 . . . . . 4 Gun 92 | . . 21 . . 24 43 . . . . . 4 Cannon 26 | . . . . . . 26 . . . . . . Launcher . | . . . . . . . . . . . . . Special . | . . . . . . . . . . . . . Kinetic 91 | . . . . . 24 67 . . . . . . Thermal 4 | . . . . . . . . . . . . 4 Explosive . | . . . . . . . . . . . . . Electromagnetic 23 | . . 21 . . . 2 . . . . . . Robot Hit Streak 15 | . . 4 . . 12 15 . . . . . 4 Robot Miss Streak 4 | . . 2 . . 1 4 . . . . . 3 Penetration Max . | . . . . . . . . . . . . . Secondary Targets . | . . . . . . . . . . . . . Shots Hit Robots 94 | . . 12 . . 21 57 . . . . 1 3 Core Hits 56 | . . 5 . . 6 45 . . . . . . Critical Kills . | . . . . . . . . . . . . . Critical Parts Destroyed . | . . . . . . . . . . . . . Critical Strikes . | . . . . . . . . . . . . . Melee Attacks 47 | . . . . . 1 . . . . 7 7 32 Impact . | . . . . . . . . . . . . . Slashing 41 | . . . . . . . . . . 7 7 27 Piercing 6 | . . . . . 1 . . . . . . 5 Sneak Attacks 1 | . . . . . . . . . . . . 1 Combat Hostiles . | . . . . . . . . . . . . . Follow-up Attacks . | . . . . . . . . . . . . . Damage Inflicted 1723 | . . 133 . . 315 1066 . . . . 41 168 Guns 1057 | . . 133 . . 315 539 . . . . . 70 Cannons 527 | . . . . . . 527 . . . . . . Explosions . | . . . . . . . . . . . . . Melee 138 | . . . . . . . . . . . 41 97 Ramming 1 | . . . . . . . . . . . . 1 Kinetic 1376 | . . . . . 315 1061 . . . . . . Thermal 70 | . . . . . . . . . . . . 70 Explosive . | . . . . . . . . . . . . . Electromagnetic 138 | . . 133 . . . 5 . . . . . . Impact . | . . . . . . . . . . . . . Slashing 138 | . . . . . . . . . . . 41 97 Piercing . | . . . . . . . . . . . . . Highest Corruption 3 | . . 3 3 3 1 3 . . . . . 3 Average Corruption 2 | . . 3 3 3 1 2 . . . . . 2 Corruption Purged . | . . . . . . . . . . . . . Corruption Blocked 9 | . . . . . . . . . . . . 9 Effects 33 | . . 1 6 2 . 13 . . . . . 11 Message Errors 6 | . . . 1 1 . 2 . . . . . 2 Matter Fused 8 | . . . 2 1 . 3 . . . . . 2 Heat Flow Errors 6 | . . . . . . 3 . . . . . 3 Energy Discharges 5 | . . . 1 . . 3 . . . . . 1 Parts Rejected 2 | . . . . . . . . . . . . 2 Data Loss (minor) 2 | . . . 1 . . 1 . . . . . . Data Loss (major) 2 | . . . . . . 1 . . . . . 1 Misfires 1 | . . 1 . . . . . . . . . . Alerts 1 | . . . 1 . . . . . . . . . Overload Shots . | . . . . . . . . . . . . . Overflow Damage 39 | . . . . . . . . . . . . 39 Projectiles . | . . . . . . . . . . . . . Explosions . | . . . . . . . . . . . . . Melee 39 | . . . . . . . . . . . . 39 Knockbacks 17 | . . . . . . 17 . . . . . . Impact . | . . . . . . . . . . . . . Kinetic 15 | . . . . . . 15 . . . . . . Secondary 2 | . . . . . . 2 . . . . . . Self-Inflicted Damage . | . . . . . . . . . . . . . Shots . | . . . . . . . . . . . . . Rammed 1 | . . . . . . . . . . . . 1 Targets Rammed 1 | . . . . . . . . . . . . 1 Kicked . | . . . . . . . . . . . . . Crushed . | . . . . . . . . . . . . . Highest Temperature 310 | . . 106 . . 22 252 . . . . . 310 Average Temperature 44 | . . 45 . . 6 60 . . . . . 35 Received Heat Transfer 943 | . 9 . . . 171 375 . . . . 9 379 Siege Activations . | . . . . . . . . . . . . . Martial Activations . | . . . . . . . . . . . . . Shielding Activations . | . . . . . . . . . . . . . Robots Disrupted . | . . . . . . . . . . . . . Combat Hostiles . | . . . . . . . . . . . . . Robots Corrupted . | . . . . . . . . . . . . . Combat Hostiles . | . . . . . . . . . . . . . Parts Fried . | . . . . . . . . . . . . . Impact Corruptions . | . . . . . . . . . . . . . Robots Melted . | . . . . . . . . . . . . . Combat Hostiles . | . . . . . . . . . . . . . Parts Melted . | . . . . . . . . . . . . . Heat Transferred 74 | . . . . . . . . . . . . 74 Parts Sabotaged . | . . . . . . . . . . . . . Parts Stolen . | . . . . . . . . . . . . . Parts Stripped . | . . . . . . . . . . . . . Power Chain Reactions . | . . . . . . . . . . . . . Alert | -11 -10 -10 -10 -9 -8 -7 -6 -6 -6 -5 -4 -3 ------- Run | Yrd Mat Min Exi Min Mat Fac Fac Low Low Fac Fac Res Maximum Alert Level 1 | . . . . . . . . . . . . 1 Low Security (%) 98 | 100 100 100 . 100 100 100 100 . . 100 100 94 Level 1 1 | . . . . . . . . . . . . 5 Level 2 . | . . . . . . . . . . . . . Level 3 . | . . . . . . . . . . . . . Level 4 . | . . . . . . . . . . . . . Level 5 . | . . . . . . . . . . . . . High Security . | . . . . . . . . . . . . . Max Security . | . . . . . . . . . . . . . Peak Influence 264 | . . . . . 44 76 . . . 15 75 264 Initial 18 | . . . . . . 18 . . . . . 11 Average 13 | . . . . . 7 14 . . . 1 9 31 Influence Increases 1228 | . . . . . 127 307 . . . 43 145 606 Destroy 0b10 Robot/C 260 | . . . . . 40 220 . . . . . . Destroy 0b10 Robot/NC 10 | . . . . . . 10 . . . . . . Destroy Leader 50 | . . . . . 10 40 . . . . . . Successful Hack 26 | . . . . . . 7 . . . 14 . 5 Destroy Structure 72 | . . . . . 2 . . . . 14 10 46 Partial Spotted 75 | . . . . . . . . . . 15 15 45 Lose Combat Pursuer 735 | . . . . . 75 30 . . . . 120 510 Influence Decreases 991 | . . . . . 84 350 . . . 41 125 391 Entered New Map 38 | . . . . . . 25 . . . . 2 11 Time Decay 685 | . . . . . 84 247 . . . 41 123 190 Lost Part 268 | . . . . . . 78 . . . . . 190 Squads Dispatched 23 | . . . . . 2 7 . . . 3 4 7 Investigation 2 | . . . . . 1 . . . . 1 . . Extermination 9 | . . . . . . 3 . . . 1 1 4 Reinforcement 12 | . . . . . 1 4 . . . 1 3 3 Assault . | . . . . . . . . . . . . . Garrison . | . . . . . . . . . . . . . Intercept . | . . . . . . . . . . . . . Searches Triggered . | . . . . . . . . . . . . . Construction Impeded . | . . . . . . . . . . . . . Haulers Reinforced . | . . . . . . . . . . . . . Active Scanning Responses . | . . . . . . . . . . . . . Cargo Convoy Interrupts . | . . . . . . . . . . . . . Stealth | -11 -10 -10 -10 -9 -8 -7 -6 -6 -6 -5 -4 -3 --------- Run | Yrd Mat Min Exi Min Mat Fac Fac Low Low Fac Fac Res Distress Signals 11 | . 2 . . . 2 2 . . . . 1 4 Communications Jammed . | . . . . . . . . . . . . . Distress Signals . | . . . . . . . . . . . . . Times Spotted 105 | . 6 3 . . 10 21 . . 1 2 12 50 Peak Tracking Total 14 | . 7 1 . . 6 4 . . 1 1 6 14 Tactical Retreats 22 | . . 1 . . 3 2 . . . . 3 13 Traps | -11 -10 -10 -10 -9 -8 -7 -6 -6 -6 -5 -4 -3 ------- Run | Yrd Mat Min Exi Min Mat Fac Fac Low Low Fac Fac Res Traps Triggered 5 | . . . . . 1 1 . . . . . 3 Indirectly . | . . . . . . . . . . . . . Trap Hack Attempts . | . . . . . . . . . . . . . Triggered . | . . . . . . . . . . . . . Disarmed . | . . . . . . . . . . . . . Reprogrammed . | . . . . . . . . . . . . . Reused . | . . . . . . . . . . . . . Traps Extracted . | . . . . . . . . . . . . . Installed . | . . . . . . . . . . . . . Triggered . | . . . . . . . . . . . . . Machines | -11 -10 -10 -10 -9 -8 -7 -6 -6 -6 -5 -4 -3 ---------- Run | Yrd Mat Min Exi Min Mat Fac Fac Low Low Fac Fac Res Machines Disabled . | . . . . . . . . . . . . . Max in Single Turn . | . . . . . . . . . . . . . Machines Repaired . | . . . . . . . . . . . . . Machines Dismantled . | . . . . . . . . . . . . . Machines Sabotaged . | . . . . . . . . . . . . . Overloaded Fab Kills . | . . . . . . . . . . . . . Hacking | -11 -10 -10 -10 -9 -8 -7 -6 -6 -6 -5 -4 -3 --------- Run | Yrd Mat Min Exi Min Mat Fac Fac Low Low Fac Fac Res Machines Accessed 33 | . 1 . 5 1 3 3 . 1 . 6 7 6 Terminals 15 | . 1 . . . 3 2 . . . 1 3 5 Fabricators 2 | . . . . . . . . . . 2 . . Repair Stations 3 | . . . . . . 1 . . . 1 1 . Recycling Units 5 | . . . . . . . . . . 1 3 1 Scanalyzers 1 | . . . . . . . . . . 1 . . Garrison Access . | . . . . . . . . . . . . . Total Hacks 88 | . 2 . 50 1 4 4 . 1 . 11 7 8 Successful 67 | . . . 50 1 . 1 . 1 . 8 3 3 Failed 21 | . 2 . . . 4 3 . . . 3 4 5 Catastrophic 5 | . . . . . 1 . . . . . 2 2 Database Lockouts . | . . . . . . . . . . . . . Manual 14 | . 2 . 1 . 4 2 . . . 1 2 2 Terminals 20 | . 2 . . . 4 3 . . . 1 3 7 Fabricators 3 | . . . . . . . . . . 3 . . Repair Stations 4 | . . . . . . 1 . . . 2 1 . Recycling Units 6 | . . . . . . . . . . 2 3 1 Scanalyzers 3 | . . . . . . . . . . 3 . . Garrison Access . | . . . . . . . . . . . . . Terminal Hacks 55 | . . . 50 1 . 1 . 1 . . . 2 Record 49 | . . . 49 . . . . . . . . . Part Schematic 1 | . . . . . . 1 . . . . . . Open Door 2 | . . . . 1 . . . 1 . . . . Open DSF 2 | . . . . . . . . . . . . 2 Proto ID Catalog 1 | . . . 1 . . . . . . . . . Fabricator Hacks 2 | . . . . . . . . . . 2 . . Load Schematic 1 | . . . . . . . . . . 1 . . Build 1 | . . . . . . . . . . 1 . . Repair Station Hacks 1 | . . . . . . . . . . 1 . . Scan Component 1 | . . . . . . . . . . 1 . . Recycling Unit Hacks 6 | . . . . . . . . . . 2 3 1 Report Inventory 5 | . . . . . . . . . . 1 3 1 Retrieve Matter 1 | . . . . . . . . . . 1 . . Scanalyzer 3 | . . . . . . . . . . 3 . . Insert Component 1 | . . . . . . . . . . 1 . . Analyze 2 | . . . . . . . . . . 2 . . Garrison Access Hacks . | . . . . . . . . . . . . . Unauthorized Hacks . | . . . . . . . . . . . . . Terminals . | . . . . . . . . . . . . . Fabricators . | . . . . . . . . . . . . . Repair Stations . | . . . . . . . . . . . . . Recycling Units . | . . . . . . . . . . . . . Scanalyzers . | . . . . . . . . . . . . . Garrison Access . | . . . . . . . . . . . . . Data Cores Recovered . | . . . . . . . . . . . . . Used . | . . . . . . . . . . . . . Hacking Detections 15 | . 1 . . . 1 2 . . . 4 5 2 Full Trace Events 2 | . . . . . 1 . . . . 1 . . Feedback Events . | . . . . . . . . . . . . . Feedback Blocked . | . . . . . . . . . . . . . Robot Schematics Acquired . | . . . . . . . . . . . . . Robots Built . | . . . . . . . . . . . . . Authchips . | . . . . . . . . . . . . . Time . | . . . . . . . . . . . . . Total Robot Build Rating . | . . . . . . . . . . . . . Part Schematics Acquired 2 | . . . . . . 1 . . . 1 . . Parts Built 2 | . . . . . . . . . . 2 . . Authchips . | . . . . . . . . . . . . . Time 84 | . . . . . . . . . . 84 . . Total Part Build Rating 8 | . . . . . . . . . . 8 . . Parts Repaired . | . . . . . . . . . . . . . Time . | . . . . . . . . . . . . . Parts Recycled . | . . . . . . . . . . . . . Recycled Matter . | . . . . . . . . . . . . . Retrieved Matter . | . . . . . . . . . . . . . Retrieved Components . | . . . . . . . . . . . . . Parts Scanalyzed 1 | . . . . . . . . . . 1 . . Part Schematics Acquired 1 | . . . . . . . . . . 1 . . Parts Damaged 1 | . . . . . . . . . . 1 . . Bothacking | -11 -10 -10 -10 -9 -8 -7 -6 -6 -6 -5 -4 -3 ------------ Run | Yrd Mat Min Exi Min Mat Fac Fac Low Low Fac Fac Res Used RIF Installer . | . . . . . . . . . . . . . Robots Hacked . | . . . . . . . . . . . . . Non-combat . | . . . . . . . . . . . . . Combat . | . . . . . . . . . . . . . Robot Hacks Applied . | . . . . . . . . . . . . . Relay Couplers Released . | . . . . . . . . . . . . . Fabnet Peak Effective % . | . . . . . . . . . . . . . Robots Rewired . | . . . . . . . . . . . . . Allies Hacked . | . . . . . . . . . . . . . Hacks Repelled . | . . . . . . . . . . . . . Allies | -11 -10 -10 -10 -9 -8 -7 -6 -6 -6 -5 -4 -3 -------- Run | Yrd Mat Min Exi Min Mat Fac Fac Low Low Fac Fac Res Total Allies . | . . . . . . . . . . . . . Largest Group . | . . . . . . . . . . . . . Highest-Rated Group . | . . . . . . . . . . . . . Highest-Rated Ally . | . . . . . . . . . . . . . Total Orders . | . . . . . . . . . . . . . Ally Attacks . | . . . . . . . . . . . . . Total Damage . | . . . . . . . . . . . . . Kills . | . . . . . . . . . . . . . Allies Corrupted . | . . . . . . . . . . . . . Allies Melted . | . . . . . . . . . . . . . Intel | -11 -10 -10 -10 -9 -8 -7 -6 -6 -6 -5 -4 -3 ------- Run | Yrd Mat Min Exi Min Mat Fac Fac Low Low Fac Fac Res Active Infowar (turns) 2642 | . . 84 487 132 503 919 . . . . . 517 Terrain 1700 | . . . . . 361 822 . . . . . 517 Structural 2028 | . . 84 487 132 503 822 . . . . . . Jamming 97 | . . . . . . 97 . . . . . . Robot Analysis Total . | . . . . . . . . . . . . . Derelict Logs Recovered 4 | . . . . 2 . . . 2 . . . . Drone Launches . | . . . . . . . . . . . . . Drone Recoveries . | . . . . . . . . . . . . . Exploration | -11 -10 -10 -10 -9 -8 -7 -6 -6 -6 -5 -4 -3 ------------- Run | Yrd Mat Min Exi Min Mat Fac Fac Low Low Fac Fac Res Turns Passed 5769 | 81 54 327 487 132 503 1651 30 123 9 456 763 1153 Spaces Moved 7201 | 74 59 317 607 161 344 1230 85 372 28 578 1481 1865 Core 45 | 7 . . . . . 6 . . . . . 32 Treads . | . . . . . . . . . . . . . Legs 390 | . . . . . 2 388 . . . . . . Wheels 1585 | 67 59 317 607 161 342 32 . . . . . . Hover . | . . . . . . . . . . . . . Flight 5181 | . . . . . . 804 85 372 28 578 1481 1833 Fastest Speed 25 | 50 90 80 80 80 95 29 32 32 32 27 25 26 Average Speed 51 | 86 90 88 80 80 95 84 32 32 32 30 29 30 Slowest Speed 450 | 90 90 95 80 80 190 450 32 32 32 32 105 165 Overloaded Moves . | . . . . . . . . . . . . . Propulsion Burnouts . | . . . . . . . . . . . . . Robots Hopped 46 | . . . . . . 5 2 . . 2 17 20 Potential Cave-ins . | . . . . . . . . . . . . . Cave-ins Triggered . | . . . . . . . . . . . . . Exploration Rate (%) 33 | 4 20 61 73 51 37 36 3 51 11 13 34 39 Regions Visited 12 Branch Regions 5 Pre-discovered Areas 2 | . . 1 1 . . . . . . . . . Known Exits Taken . | . . . . . . . . . . . . . Unknown Exits Taken 12 | 1 1 1 1 1 1 1 1 1 1 1 1 . Scrap Searched 6 | . . 1 . 1 . . . 3 1 . . . Spaces Dug 36 | . . . . . 1 . . . . 7 5 23 Terrain Destroyed 36 | . . . . . 1 . . . . 7 5 23 Melee 36 | . . . . . 1 . . . . 7 5 23 Projectile . | . . . . . . . . . . . . . AOE . | . . . . . . . . . . . . . Terrain Rammed . | . . . . . . . . . . . . . Walls Destroyed . | . . . . . . . . . . . . . Machines Disabled . | . . . . . . . . . . . . . Actions | -11 -10 -10 -10 -9 -8 -7 -6 -6 -6 -5 -4 -3 --------- Run | Yrd Mat Min Exi Min Mat Fac Fac Low Low Fac Fac Res Total 9031 | 90 59 343 608 163 491 1781 85 375 27 846 1787 2376 Wait 1503 | . . 8 . . 89 411 . . . 244 287 464 Move 7103 | 73 58 316 606 160 343 1219 80 371 27 573 1448 1829 Hop 40 | . . . . . . 5 2 . . 2 15 16 Pick Up 111 | 10 1 6 1 1 16 42 1 2 . 8 10 13 Fast Attach . | . . . . . . . . . . . . . Attach 59 | 6 . 2 . . 6 18 1 1 . 5 7 13 Detach 8 | . . . . . . 3 1 . . 1 2 1 Swap 35 | 1 . . . 1 13 12 . . . 1 5 2 Drop 57 | . . 1 1 1 11 30 . 1 . 5 6 1 Fire 67 | . . 10 . . 12 41 . . . . . 4 Melee 47 | . . . . . 1 . . . . 7 7 32 Ram 1 | . . . . . . . . . . . . 1 Kick . | . . . . . . . . . . . . . Crush . | . . . . . . . . . . . . . Escape Stasis . | . . . . . . . . . . . . . Rewire . | . . . . . . . . . . . . . Trap . | . . . . . . . . . . . . . Miscellaneous . | . . . . . . . . . . . . . Route ------- -11/Scrapyard -10/Materials -10/Mines -10/Exiles (discovered 2 exits: *Min x2) -9/Mines -8/Materials -7/Factory -6/Factory -6/Lower Caves -6/Lower Caves -5/Factory (discovered 3 exits: *Fac / Upp x2) -4/Factory -3/Research History --------- Turn | Location | Event 7 | -11/Scrapyard | Discovered new exit (range 16) 82 | -11/Scrapyard | Entered Materials 115 | -10/Materials | Discovered new exit (range 7) 136 | -10/Materials | Entered Mines 183 | -10/Mines | Assembled infested the area 246 | -10/Mines | Learned location of Storage (-8) 261 | -10/Mines | YI-UF0 nonchalantly dropped a Grenade Launcher on the ground 311 | -10/Mines | Build established: Mutant 459 | -10/Mines | Deemed a non-threat by the Exiles lab entrance 459 | -10/Mines | Discovered new exit (range 6) 463 | -10/Mines | Entered Exiles 476 | -10/Exiles | Discovered new exit (range 15) 489 | -10/Exiles | Met 8R-AWN 503 | -10/Exiles | Met EX-HEX 557 | -10/Exiles | Met EX-DEC 581 | -10/Exiles | Learned location of Zion (-7) 622 | -10/Exiles | Discovered new exit (range 11) 673 | -10/Exiles | Met EX-BIN 691 | -10/Exiles | Aligned with FarCom system 692 | -10/Exiles | Given EX-Vault access code 740 | -10/Exiles | Opened EX-Vault 782 | -10/Exiles | Warned to stay clear of 0b10 Research branches 815 | -10/Exiles | Found Supersonic Drone Bay 950 | -10/Exiles | Left Exiles lab with Supersonic Drone Bay 950 | -10/Exiles | Entered Mines 956 | -9/Mines | Learned Materials garrison access intel 969 | -9/Mines | Found the Drone Emporium 973 | -9/Mines | Found Prototype Device 1027 | -9/Mines | Learned Materials garrison access intel 1063 | -9/Mines | Discovered new exit (range 6) 1082 | -9/Mines | Entered Materials 1082 | -8/Materials | Evolved 4 slots: Propulsion x1, Utility x3 1083 | -8/Materials | Loaded intel: 1 garrison access location 1085 | -8/Materials | Identified Splice Drone Bay 1528 | -8/Materials | Build established: Skirmisher 1573 | -8/Materials | Discovered new exit (range 11) 1585 | -8/Materials | Entered Factory 1585 | -7/Factory | Evolved 2 slots: Utility x2 1676 | -7/Factory | Lost 5 parts (1p3n1w) 2560 | -7/Factory | Lost 3 parts (1n2u) 2912 | -7/Factory | Build established: Sprinter 3212 | -7/Factory | Discovered new exit (range 10) 3236 | -7/Factory | Entered another Factory area 3236 | -6/Factory | Evolved 2 slots: Propulsion x1, Utility x1 3236 | -6/Factory | Discovered new exit (range 12) 3266 | -6/Factory | Entered Lower Caves 3326 | -6/Lower Caves | Discovered new exit (range 6) 3360 | -6/Lower Caves | Encountered a Warlord checkpoint 3389 | -6/Lower Caves | Entered another Lower Caves area 3392 | -6/Lower Caves | Discovered new exit (range 16) 3398 | -6/Lower Caves | Entered Factory 3398 | -5/Factory | Evolved 2 slots: Utility x2 3399 | -5/Factory | Identified exit to Upper Caves 3585 | -5/Factory | Found Prototype Launcher 3586 | -5/Factory | Identified Tesla Bomb Launcher 3684 | -5/Factory | Fabricated Xenon Bombardment Thruster? 3845 | -5/Factory | Discovered new exit (range 6) 3854 | -5/Factory | Entered another Factory area 3854 | -4/Factory | Evolved 2 slots: Propulsion x1, Utility x1 4152 | -4/Factory | Build established: Mutant 4561 | -4/Factory | Build established: Hacker-Sprinter 4613 | -4/Factory | Discovered new exit (range 15) 4617 | -4/Factory | Entered Research 4617 | -3/Research | Evolved 2 slots: Power x1, Propulsion x1 4636 | -3/Research | Lost 4 parts (2n2u) 4884 | -3/Research | Spotted B-86 Titan 4907 | -3/Research | Build established: Hacker-Scout 5510 | -3/Research | Lost 3 parts (1p1n1u) 5624 | -3/Research | Spotted B-86 Titan 5649 | -3/Research | Lost 9 parts (1p3n3u2w) 5715 | -3/Research | Lost 4 parts (1n3u) 5730 | -3/Research | Core integrity fell below 50% 5761 | -3/Research | Core integrity fell below 20% 5770 | -3/Research | Destroyed by P-80 Master with Gamma Rifle Last Messages --------------- Acquired Adv. Corruption Screen. System corrupted: Heat flow error (+167). Imp. Signal Interpreter destroyed. Adv. Corruption Screen intercepted 1% system corruption. Cld. VTOL Module destroyed. Adv. Corruption Screen intercepted 1% system corruption. Slammed into P-80 Master. Adv. Corruption Screen intercepted 1% system corruption. P-80 Master resets P-80 Master, system corruption cleaned. System Shield destroyed. System corrupted: Substantial component data lost. Adv. Corruption Screen intercepted 1% system corruption. Slug penetrates Wall. Penetrated by Slug. Map ----- +----------------------------------------------------+ | #?????? #??????????????????????????#" # | | ?????# #??????????????????????????#" ### | | ????# #??????????????????????????#"" !* | | ???# #??????????????????????????# !%= | | ???# #??????????????????????????# = | | ? ?## ####???????????????????????# | | ###/## #???????????????????????####+### ### | | T" ### #????????????????????? # #?? | | "" #??????????????????? # #?? | | #?????????????????????# "" # #?? | | ###+## #?????????????????????#""" # #?? | | ### ########????????????????#"R # #?? | | #?# # #????????????????#""" # #?? | | #?# # ]#????????????????#""" # #?? | | #?# # #????????????????? # #?? | | #?# # #???#####????????? # #?? | | #?# # #???#[ #??????????######## #?? | | #?# # #???# #????????########"# #?? | | ######?# ##+######### #????????# # ### | | ???????# + ########## # # | | ???????# ######### ## #"""" # # | | ???????# #???????# ## #"""" # # | | ???????# ######### ## "S #"""" # # | | ???????# w ##+### """ #"""" + + | | ######## p # "" #"""" # # | | p @ # # # | | ########+###### # # # + | | ?????# ! #?# # ###########+##### | | ?????# #?# # ] #????# | | ?????# ### p # #????# | | ?????# + h/ #????# """"" | | ?????# ##### #########????# """"" | | ?????# #???# h ############## """"" | | ?????########???# g g hg+ | | ????????????????# # | | ????????????????# # """"" | | ???????????Y? + """"" | | ??????????? ######################### """"" | | ??????????? ??????????????????????????# | | ??????????????????????????????????????# | | ??????????????????????????????????????############ | | ?????????????????????????????????????????????????? | | ?????????????????????????????????????????????????? | | ?????????????????????????????????????????????????? | | ?????????????????????????????????????????????????? | | ?????????????????????????????????????????????????? | | ?????????????????????????????????????????????????? | | ?????????????????????????????????????????????????? | | #????????????????????????????????????????????????? | | #????????????????????????????????????????????????? | +----------------------------------------------------+ Best States ------------- Heat Dissipation 46 Energy Generation 35 Energy Capacity 265 Matter Stores 300 Matter Capacity 300 Sight Range 16 Terrain Scan Range 24 Terrain Scan Density 210 Jamming Range 12 Power Amplification 40 Corruption Block 20 Armor Coverage 825 Evasion (%) 75 Targeting Accuracy 28 Target Analysis 5 Armor Integrity Analysis 30 Offensive Hacking 10 Defensive Hacking 10 Item Schematics ----------------- Remote Datajack | -7/Factory | Hacked Xenon Bombardment Thruster | -5/Factory | Scanalyzed Robot Schematics ------------------ None Fabricated ------------ Xenon Bombardment Thruster | x2 | -5/Factory Repaired ---------- Nothing Alien Tech Used ----------------- None Achievements -------------- None Challenges ------------ None Game ------ Seed WarpDisintegrationDrive Manual? 0 Play Time 02:22:21 Cumulative 54.3 hours Start 2025.07.07 @ 09:34:58 End 2025.07.07 @ 15:44:23 Sessions 7 Manual Loads 0 Difficulty Rogue Special Mode None Game No. 56 Rogue 46 Adventurer 10 Explorer 0 Win Type - Total 1 Types 1/0/0/0/0/0/0/0/0/0 Lore% 26 Gallery% 35 Achievement% 30 Wizard Run 0 Options --------- Layout 1 ASCII 0 Keyboard 0 Movement Numpad Keybinds 0 Fullscreen 1 Font 24/Smallcaps Map View 50x35 Zoom Use 0% Tactical HUD 0 Map Filters NONE Filters NONE Steam 1 RUN: bc7be01f-3ee7-49ef-8437-7eec70dbe0c1